 Dungeon Crawl Stone Soup version 0.31-a0-640-g39d97e502b (webtiles) character file.

Game seed: 17950895643937985733

248 rvierbuc the Trooper (level 5, -3/43 HPs)
             Began as a Demonspawn Berserker on Aug 27, 2023.
             Was a Believer of Trog.
             Slain by Grinder (5 damage)
             ... while paralysed by Grinder
             ... on level 4 of the Dungeon.
             The game lasted 00:04:47 (1396 turns).

rvierbuc the Trooper (Demonspawn Berserker)         Turns: 1396, Time: 00:04:47

Health: -3/43      AC:  3    Str: 20    XL:     5   Next: 86%
Magic:  5/5        EV:  2    Int:  8    God:    Trog [**....]
Gold:   81         SH:  0    Dex: 12    Spells: 4/4 levels left

rFire   . . .        a - +0 hand axe
rCold   . . .        (no shield)
rNeg    . . .        b - +0 animal skin
rPois   .            (no helmet)
rElec   .            c - scarf {shadows}
rCorr   .            h - +0 pair of gloves
SInv    .            (no boots)
Will    .....        (no amulet)
Stlth   ++           (no ring)
HPRegen 0.27/turn    (no ring)
MPRegen 0.09/turn

%: no passive effects
@: paralysed, on berserk cooldown, slowed
A: demonic guardian 1, sturdy frame 2, demonic touch 1
a: Renounce Religion, Berserk, Trog's Hand


You were on level 4 of the Dungeon.
You worshipped Trog.
Trog was pleased with you.
You visited 1 branch of the dungeon, and saw 3 of its levels.

You collected 81 gold pieces.

Inventory:

Hand Weapons
 a - a +0 hand axe (weapon)
Missiles
 i - 5 poisoned darts (quivered)
Armour
 b - a +0 animal skin (worn)
 c - a scarf of shadows (worn)
 h - a +0 pair of gloves (worn)
Talismans
 k - a beast talisman
Scrolls
 d - a scroll of vulnerability {unknown}
 e - a scroll of acquirement {unknown}
 l - a scroll of noise {unknown}
Potions
 f - a potion of curing {unknown}
 g - a potion of magic {unknown}
 j - a potion of heal wounds {unknown}


   Skills:
 * Level 4.6 Fighting
 + Level 4.4 Axes
 + Level 2.0 Armour
 + Level 2.5 Dodging
 + Level 1.0 Stealth


You had 4 spell levels left.
You didn't know any spells.
Your spell library was empty.

Dungeon Overview and Level Annotations

Branches:
Dungeon (4/15)
 Temple: D:4-7

Altars:
Yredelemnul

Annotations:
D:4 Grinder


Innate Abilities, Weirdness & Mutations

A weak demonic guardian rushes to your aid.
Your movements are less encumbered by armour. (ER -4)
Your touch may inflict minor irresistible damage on your foes.


Message History

Grinder blinks!
Your shadow imp hits Grinder.
Grinder gestures at you. You resist with almost no effort.
You see here a giant cockroach corpse.
Your shadow imp disappears in a puff of smoke!
Grinder misses you.
You closely miss Grinder.
Grinder is heavily wounded.
Grinder completely misses you. Grinder barely misses you.
You hit Grinder but do no damage. Your touch misses Grinder.
Grinder is heavily wounded.
Your skin stops crawling.
You feel less strong-willed. Grinder hits you.
You writhe in agony.
Grinder hits you!
You writhe in agony.
You hit Grinder but do no damage. Your touch misses Grinder.
Grinder is heavily wounded.
Grinder closely misses you.
You closely miss Grinder.
You touch Grinder!
Grinder is severely wounded.
Grinder hits you but does no damage. Grinder gestures at you.
You resist with significant effort.
You hit Grinder but do no damage.
You touch Grinder!
Grinder is almost dead.
Grinder barely misses you. Grinder gestures at you.
Pain shoots through your body!
* * * LOW HITPOINT WARNING * * *
You barely miss Grinder. Your touch misses Grinder.
Grinder is almost dead.
Grinder gestures at you.
You suddenly lose the ability to move!
Grinder gestures at you. Pain shoots through your body!
* * * LOW HITPOINT WARNING * * *
A demonic guardian appears!
Grinder hits you.
* * * LOW HITPOINT WARNING * * *
You writhe in agony.
You die...
Grinder says, "Now the real fun starts!"

.# #.[.# #.#
..##.5.# #.#
#.####..##.# .#
#....# ..
####.# #.#
#.### #
#...####
#..#...5#######
#.###...@..$..#
#.. ##5#†.....#
...# #_#.(?...#
#?.. ###...$..#
#.# .......#
.......#
........#
........#


You could see Grinder (ally target) and a friendly ufetubus (summoned).

Vanquished Creatures
  An ogre (D:4)
  A jelly (D:4)
  A sleepcap (D:4)
  Natasha (twice) (D:2)
  A dart slug (D:2)
  An orc (D:4)
  7 ball pythons
  A bat (D:1)
  2 endoplasms
  2 giant cockroaches
  A goblin (D:1)
  2 hobgoblins
  8 jackals
  4 kobolds
  4 quokkas
  3 frilled lizards (D:1)
  5 rats
46 creatures vanquished.

Notes
Turn   | Place    | Note
-------+----------+-------------------------------------------
     0 | D:1      | rvierbuc the Demonspawn Berserker began the quest for the
                  | Orb.
     0 | D:1      | Reached XP level 1. HP: 18/18 MP: 1/1
   205 | D:1      | Gained mutation: Your touch may inflict minor irresistible
                  | damage on your foes. [demonic ancestry]
   205 | D:1      | Reached XP level 2. HP: 22/24 MP: 2/2
   470 | D:1      | Reached ** piety under Trog
   493 | D:1      | Gained mutation: Your movements are slightly less
                  | encumbered by armour. (ER -2) [demonic ancestry]
   493 | D:1      | Reached XP level 3. HP: 29/29 MP: 3/3
   712 | D:2      | Noticed Natasha
   720 | D:2      | Killed Natasha
  1040 | D:2      | Noticed Natasha
  1053 | D:2      | Killed Natasha
  1054 | D:2      | Gained mutation: Your movements are less encumbered by
                  | armour. (ER -4) [demonic ancestry]
  1054 | D:2      | Reached XP level 4. HP: 11/37 MP: 4/4
  1276 | D:2      | You fall into a shaft and drop 2 floors!
  1291 | D:4      | Noticed an ogre
  1297 | D:4      | Killed an ogre
  1298 | D:4      | Gained mutation: A weak demonic guardian rushes to your
                  | aid. [demonic ancestry]
  1298 | D:4      | Reached XP level 5. HP: 43/43 MP: 5/5
  1331 | D:4      | Noticed Grinder
  1339 | D:4      | Reached skill level 1 in Stealth
  1354 | D:4      | Paralysed by Grinder for 5 turns
  1366 | D:4      | Paralysed by Grinder for 5 turns
  1375 | D:4      | Found a basalt altar of Yredelemnul.
  1394 | D:4      | Paralysed by Grinder for 3 turns
  1396 | D:4      | HP: 2/43 [Grinder (6)]
  1396 | D:4      | Slain by Grinder

Illustrated notes

Levels and vault maps discovered:
D:1:      dpeg_arrival_shrine, layout_basic
D:2:      layout_basic, basic_altar, dreamdust_mushroom_princess, uniq_natasha
D:4:      layout_rooms, kennysheep_mini, portal_sewer_entry_a, uniq_grinder

Skill      XL: |  1  2  3  4  5 |
---------------+----------------+-----
Axes           | 3 4 |  4.4
Armour         | 2 |  2.0
Dodging        | 2 |  2.5
Fighting       | 4 |  4.6
Stealth        | 1 |  1.0

Action                     |  1- 3 |  4- 6 || total
---------------------------+-------+-------++-------
  Melee: Hand axe          |    75 |    49 ||   124
         Touch             |     8 |    12 ||    20
         Punch             |     2 |     1 ||     3
 Invoke: Berserk           |     3 |     2 ||     5
         Trog's Hand       |       |     1 ||     1
   Stab: Sleeping          |     1 |       ||     1
 Armour: Animal skin       |    18 |    11 ||    29
  Dodge: Dodged            |    64 |    34 ||    98

Table legend: (Time is in decaauts)
 A = Elapsed time spent in this place.
 B = Non-inter-level travel time spent in this place.
 C = Inter-level travel time spent in this place.
 D = Time resting spent in this place.
 E = Time spent auto-exploring this place.
 F = Levels seen in this place.
 G = Mean time per level.
                   A        B        C        D        E       F      G
               +--------+--------+--------+--------+--------+-----+--------+
         Total |   1463 |   1450 |     13 |    186 |    856 |   3 |  487.7 |
       Dungeon |   1463 |   1450 |     13 |    186 |    856 |   3 |  487.7 |
               +--------+--------+--------+--------+--------+-----+--------+

Top non-repeatable levels by time:
     D:1: 700 daAuts
     D:2: 620 daAuts
     D:4: 143 daAuts
